 Dungeon Crawl Stone Soup version 0.22.1-6-g1668fe2 (console) character file.

24 potiron the Ruffian (level 3, 0/31 HPs)
             Began as a Naga Transmuter on Jan 18, 2019.
             Slain by a jackal (2 damage)
             ... on level 1 of the Dungeon.
             The game lasted 00:03:07 (707 turns).

potiron the Ruffian (Naga Transmuter)                Turns: 707, Time: 00:03:08

Health: 0/31       AC:  2    Str: 12    XL:     3   Next: 2%
Magic:  2/6        EV: 10    Int: 14    God:
Gold:   23         SH:  0    Dex: 11    Spells: 3/6 levels left

rFire    . . .     SeeInvis +     - Unarmed
rCold    . . .     Gourm    .   (no shield)
rNeg     . . .     Faith    .   b - +0 robe
rPois    +         Spirit   .   (no helmet)
rElec    .         Reflect  .   (no cloak)
rCorr    .         Harm     .   (no gloves)
MR       .....                  (no barding)
Stlth    +.........             (no amulet)
HPRegen  0.10/turn              (no ring)
MPRegen  0.10/turn              (no ring)

@: appendage, very slow
A: large, horns 2, see invisible, deformed body, poison resistance, slowness 2,
slow metabolism 1, spit poison 1, AC +1
a: Spit Poison, End Transformation


You were on level 1 of the Dungeon.
You were not hungry.
You had grown temporary horns.
You visited 1 branch of the dungeon, and saw 1 of its levels.

You collected 23 gold pieces.

Inventory:

Missiles
 a - 11 arrows
Armour
 b - a +0 robe (worn)
Scrolls
 e - a scroll of amnesia {unknown}
Comestibles
 d - a ration


   Skills:
 - Level 1.0 Fighting
 - Level 1.5 Dodging
 + Level 4.1 Unarmed Combat
 - Level 2.0 Spellcasting
 - Level 2.0 Transmutations


You had 3 spell levels left.
You knew the following spells:

 Your Spells              Type           Power        Failure   Level  Hunger
a - Beastly Appendage     Tmut           #.....       11%         1    ##.....
t - Sticks to Snakes      Tmut           #.......     16%         2    ###....

Your spell library contained the following spells:

 Spells                   Type           Power        Failure   Level  Hunger
 Spider Form              Tmut/Pois      #.........   43%         3    ####...
 Ice Form                 Ice/Tmut       #.......     83%         4    #####..
 Blade Hands              Tmut           #.........   96%         5    ######.


Dungeon Overview and Level Annotations

Branches:
Dungeon (1/15)

Altars:


Innate Abilities, Weirdness & Mutations

You cannot wear boots.
Your serpentine skin is tough. (AC +1)
You have supernaturally acute eyesight. (SInv)
Armour fits poorly on your strangely shaped body.
Your system is resistant to poisons. (rPois)
You cover ground very slowly.
You have a slow metabolism.
You can spit poison.
You have a pair of horns on your head.


Message History

You kill the dart slug!
You have reached level 3!
Your experience leads to an increase in your attributes!
Increase (S)trength, (I)ntelligence, or (D)exterity?
You feel clever.
Your skin feels tougher.
The jackal closely misses you.
Casting: Beastly Appendage (safe; 11% risk of failure)
Confirm with . or Enter, or press ? or * to list all spells.
You create a snake!
You now have 11 arrows.
The jackal bites you.
* * * LOW HITPOINT WARNING * * *
The jackal barely misses you. The jackal closely misses you.
You closely miss the jackal. The jackal bites you.
* * * LOW HITPOINT WARNING * * *
The jackal barely misses you.
Your ball python barely misses the jackal.
Your ball python misses the jackal.
You aren't carrying any potions.
You hit the jackal but do no damage. Your headbutt misses the jackal.
The jackal bites you.
You die...

... ...... .. . ...... .....
..?.. ..$... ...... .#... ....
....# ...# ...## ..... ..# ...
#..# ######..# ..# #..
#h#####.......# . ..# #..
###@hJ......)..##... ..# ..
.####S...###......# ..#
#.#......#####.....#... ..#
####..##..### ###.##.## ..#
#..........# #...##.#
..######.###...##.####.###..#
####.....).................#
####.###.#####...........#####
##...##..# #...............##


You could see an ooze, 2 jackals and a friendly ball python.

Vanquished Creatures
  2 oozes (D:1)
  A dart slug (D:1)
  A giant cockroach (D:1)
  3 hobgoblins (D:1)
  2 kobolds (D:1)
  3 bats (D:1)
  A frilled lizard (D:1)
  A rat (D:1)
14 creatures vanquished.

Notes
Turn   | Place    | Note
-------+----------+-------------------------------------------
     0 | D:1      | potiron the Naga Transmuter began the quest for the Orb.
     0 | D:1      | Reached XP level 1. HP: 18/18 MP: 3/3
   293 | D:1      | Reached XP level 2. HP: 14/25 MP: 3/5
   316 | D:1      | Learned a level 2 spell: Sticks to Snakes
   671 | D:1      | Reached skill level 4 in Unarmed Combat
   696 | D:1      | HP: 1/25 [dart slug/slug dart (5)]
   704 | D:1      | Reached XP level 3. HP: 6/31 MP: 4/6
   707 | D:1      | Slain by a jackal

Skill      XL: |  1  2 |
---------------+-------+-----
Unarmed Combat | 4 |  4.1
Fighting       | |  1.0
Dodging        | |  1.5
Spellcasting   | |  2.0
Transmutations | |  2.0

Action                   || total
-------------------------++-------
Melee: Unarmed           ||    67
       Headbutt          ||     8
 Cast: Beastly Appendage ||    10
       Sticks to Snakes  ||     1
 Abil: Spit Poison       ||     2
  Use: Potion            ||     2
 Stab: Sleeping          ||     1
Armor: Robe              ||    14
Dodge: Dodged            ||    41
